 Dungeon Crawl Stone Soup version 0.30-a0-23-ge60ba3568b (webtiles) character file.

Game seed: 5821312711193600428

1577 Armakuni the Destroyer (level 9, -6/38 (57) HPs)
             Began as a Human Conjurer on Aug 23, 2022.
             Mangled by a gargoyle
             ... wielding a +0 mace
              (16 damage)
             ... on level 6 of the Dungeon on Aug 24, 2022.
             The game lasted 00:21:59 (7687 turns).

Armakuni the Destroyer (Human Conjurer)             Turns: 7687, Time: 00:21:59

HP:   -6/38 (57)    AC:  4    Str:  7    XL:     9   Next: 14%
MP:   3/12          EV: 12    Int: 23    God:
Gold: 548           SH:  0    Dex: 12    Spells: 1/12 levels left

rFire   + . .      SeeInvis .    a - +4 quarterstaff (chaos)
rCold   . . .      Faith    .    (shield currently unavailable)
rNeg    . . .      Spirit   .    p - +0 robe {rC+}
rPois   .          Reflect  .    x - +1 helmet
rElec   .          Harm     +    g - scarf {harm}
rCorr   .          Rampage  .    (no gloves)
Will    .....                    (no boots)
Stlth   ++........               R - amulet of regeneration
HPRegen 0.92/turn                F - ring of fire
MPRegen 0.13/turn                W - ring of wizardry

@: very heavily drained
A: no striking features
a: no special abilities


You were on level 6 of the Dungeon.
You visited 1 branch of the dungeon, and saw 6 of its levels.
You also visited: Ossuary.

You collected 548 gold pieces.

Inventory:

Hand Weapons
 a - a +4 quarterstaff of chaos (weapon)
 i - a +2 whip of venom
Missiles
 b - a throwing net
 h - 9 poisoned darts
Armour
 g - a scarf of harm (worn)
 p - a +0 robe of cold resistance (worn)
 x - a +1 helmet (worn)
Jewellery
 F - a ring of fire (left hand)
 N - a ring of positive energy
 R - an amulet of regeneration (around neck)
 W - a ring of wizardry (right hand)
Wands
 v - a wand of flame (11)
Scrolls
 c - 5 scrolls of teleportation
 e - 2 scrolls of amnesia
 k - a scroll of butterflies
 o - a scroll of enchant armour
 q - 2 scrolls of poison
 t - 2 scrolls of immolation {unknown}
 w - 2 scrolls of enchant weapon
Potions
 d - 5 potions of heal wounds
 f - a potion of cancellation {unknown}
 j - a potion of magic
 l - a potion of curing {unknown}
 m - a potion of flight {unknown}
 n - a potion of mutation {unknown}
 r - 3 potions of haste {unknown}
 s - a potion of might {unknown}
 u - a potion of degeneration {unknown}
 z - a potion of invisibility {unknown}


   Skills:
 - Level 2.0 Dodging
 - Level 2.0 Stealth
 - Level 2.0 Spellcasting
 + Level 8.2 Conjurations
 + Level 8.1 Fire Magic


You had one spell level left.
You knew the following spells:

 Your Spells              Type           Power      Damage    Failure   Level
f - Fireball              Conj/Fire      28%        3d12      4%          5
m - Iskenderun's Mystic   Conj/Tloc      21%        2d6       10%         4
z - Searing Ray           Conj           80%        2d7       1%          2

Your spell library contained the following spells:

 Spells                   Type           Power      Damage    Failure   Level
 Magic Dart               Conj           100%       1d8       1%          1
 Dazzling Flash           Conj/Hex       42%        N/A       2%          3
 Inner Flame              Hex/Fire       31%        N/A       2%          3
 Fulminant Prism          Conj/Hex       10%        3d9       10%         4
 Starburst                Conj/Fire      28%        6d9       26%         6
 Cause Fear               Hex            1%         N/A       43%         4
 Discord                  Hex            1%         N/A       100%        8
 Ignition                 Fire           28%        3d9       100%        8


Dungeon Overview and Level Annotations

Branches:
Dungeon (6/15)            Ossuary (visited)
 Temple: D:4-7

Altars:
Fedhas
Nemelex Xobeh
Sif Muna


Message History

The orc wizard hits you with a +2 dagger of draining!
You feel drained.
The searing ray hits the orc wizard.
You kill the orc wizard!
d - 5 potions of heal wounds (gained 1)
Things that are here:
a +2 dagger of draining; a +0 robe You start resting.
HP restored.
Unknown command.
Magic restored.
A gargoyle is nearby!
Aiming: Throw Flame
Press: ? - help, Shift-Dir - straight line, f - gargoyle
Aim: a gargoyle, wielding a +0 mace (wandering, hasn't noticed you, 85% to hit)
The puff of flame hits the gargoyle but does no damage.
Unknown command.
Okay, then.
Aiming: Searing Ray (safe; 1% risk of failure)
Press: ? - help, Q - select action, (/) - cycle Shift-Dir - straight line, p - gargoyle (Press . to maintain the ray.)
The searing ray hits the gargoyle but does no damage.
The searing ray hits the gargoyle but does no damage.
The searing ray misses the gargoyle.
You finish channelling your searing ray.
Aiming: Searing Ray (safe; 1% risk of failure)
Press: ? - help, Q - select action, (/) - cycle Shift-Dir - straight line, f - gargoyle
Aim: a gargoyle, wielding a +0 mace (91% to hit)
The searing ray misses the gargoyle. (Press . to maintain the ray.)
The gargoyle hits you with a +0 mace!!
Ouch! That really hurt!
The searing ray hits the gargoyle!
The gargoyle is heavily damaged.
The gargoyle hits you with a +0 mace!
* * * LOW HITPOINT WARNING * * *
The searing ray hits the gargoyle but does no damage.
The gargoyle is heavily damaged.
The gargoyle hits you with a +0 mace!
You die...

.##.# .##.# .##.#
.##.# ....# ....##
##...################
#....)...))..>......#
#..#######.....9@...#
#..# #..........#
...# #.........(#
...# #.....)....#
#.## #..........# #.#
#..........#
#.####'#########....#
#.9..9...# ######
#........#


You could see a gargoyle.

Vanquished Creatures
  A steam dragon (D:6)
  A sky beast (D:5)
  2 black bears
  A phantom (D:5)
  A gnoll sergeant (D:6)
  A bullfrog (D:6)
  2 necrophages (D:6)
  2 scorpions
  2 hounds (D:4)
  Crazy Yiuf (D:4)
  An orc priest (D:4)
  4 iguanas
  Ijyb (D:5)
  Terence (D:2)
  3 orc wizards
  8 mummies (Ossuary)
  9 gnolls
  7 adders
  2 shadow imps (D:6)
  2 white imps (D:6)
  2 worms
  3 dart slugs
  10 orcs
  11 ball pythons
  6 endoplasms
  4 giant cockroaches
  6 goblins
  7 hobgoblins
  5 jackals
  2 quokkas
  4 bats
  3 frilled lizards
  2 hobgoblin zombies (Ossuary)
  4 kobolds
  2 kobold zombies (Ossuary)
  4 orc zombies (Ossuary)
  5 rats
132 creatures vanquished.

Notes
Turn   | Place    | Note
-------+----------+-------------------------------------------
     0 | D:1      | Armakuni the Human Conjurer began the quest for the Orb.
     0 | D:1      | Reached XP level 1. HP: 13/13 MP: 3/3
   195 | D:2      | Reached XP level 2. HP: 19/19 MP: 0/5
   207 | D:2      | Learned a level 2 spell: Searing Ray
   402 | D:1      | Found a faded altar of an unknown god.
   406 | D:1      | Reached XP level 3. HP: 24/24 MP: 3/6
   669 | D:1      | Reached skill level 5 in Conjurations
  1144 | D:1      | Reached XP level 4. HP: 30/30 MP: 4/7
  1144 | D:1      | Upgraded the game from 0.30-a0-12-gd8047c6341 to
                  | 0.30-a0-23-ge60ba3568b
  1721 | D:2      | You fall into a shaft and drop 2 floors!
  2064 | D:2      | Noticed Terence
  2070 | D:2      | Killed Terence
  2071 | D:2      | Reached XP level 5. HP: 31/35 MP: 0/8
  2078 | D:2      | Learned a level 5 spell: Fireball
  2792 | D:3      | Reached skill level 1 in Fire Magic
  3602 | D:4      | Reached XP level 6. HP: 41/41 MP: 4/9
  4297 | D:4      | Reached XP level 7. HP: 46/46 MP: 1/10
  4444 | D:4      | Found a runed translucent door.
  4445 | D:4      | Noticed Crazy Yiuf
  4564 | D:4      | Killed Crazy Yiuf
  4565 | D:4      | Reached skill level 5 in Fire Magic
  5283 | D:5      | Entered Level 5 of the Dungeon
  5799 | D:5      | Found a shimmering blue altar of Sif Muna.
  5876 | D:5      | Found a sand-covered staircase.
  5881 | Ossuary  | Entered an ossuary
  5996 | Ossuary  | Reached XP level 8. HP: 46/52 MP: 5/11
  6432 | D:5      | Found a sparkling altar of Nemelex Xobeh.
  6467 | D:5      | Found a blossoming altar of Fedhas.
  6468 | D:5      | Noticed Ijyb
  6471 | D:5      | Killed Ijyb
  7018 | D:5      | Learned a level 4 spell: Iskenderun's Mystic Blast
  7243 | D:6      | Reached XP level 9. HP: 49/57 MP: 0/12
  7534 | D:6      | Noticed a gargoyle
  7687 | D:6      | Mangled by a gargoyle

Illustrated notes

Levels and vault maps discovered:
D:1:      ebering_trefoil_twist, layout_loops_ring, ebering_ecumenical_altar_box
D:2:      layout_basic, uniq_terence
D:3:      layout_basic
D:4:      layout_basic, kennysheep_generic_room_10, uniq_crazy_yiuf_cottage
D:5:      layout_layer_cave, mainiacjoe_overflow_surrounded_room,
          general_overflow_altar, lemuel_crystal_altar, enter_ossuary_2,
          uniq_ijyb
D:6:      layout_rooms, minmay_three_doors

Skill      XL: |  1  2  3  4  5  6  7  8  9 |
---------------+----------------------------+-----
Conjurations   | 5 6 7 8 |  8.2
Fire Magic     | 3 4 6 7 8 |  8.1
Dodging        | |  2.0
Stealth        | |  2.0
Spellcasting   | |  2.0

Action                   |  1- 3 |  4- 6 |  7- 9 || total
-------------------------+-------+-------+-------++-------
Melee: Unarmed           |       |     1 |       ||     1
       Quarterstaff      |       |       |    34 ||    34
 Cast: Magic Dart        |    16 |       |       ||    16
       Searing Ray       |    18 |    43 |    42 ||   103
       Fireball          |       |       |     6 ||     6
Evoke: Wand              |       |       |     1 ||     1
  Use: Potion            |     1 |       |     1 ||     2
       Scroll            |       |    12 |     2 ||    14
Armor: Robe              |       |     4 |    14 ||    18
Dodge: Dodged            |     7 |    13 |    46 ||    66

Table legend: (Time is in decaauts)
 A = Elapsed time spent in this place.
 B = Non-inter-level travel time spent in this place.
 C = Inter-level travel time spent in this place.
 D = Time resting spent in this place.
 E = Time spent auto-exploring this place.
 F = Levels seen in this place.
 G = Mean time per level.
                   A        B        C        D        E       F      G
               +--------+--------+--------+--------+--------+-----+--------+
         Total |   7701 |   7559 |    142 |   1993 |   4150 |   7 | 1100.1 |
       Dungeon |   7308 |   7166 |    142 |   1898 |   3961 |   6 | 1218.0 |
       Ossuary |    393 |    393 |      0 |     95 |    189 |   1 |  393.0 |
               +--------+--------+--------+--------+--------+-----+--------+

Top non-repeatable levels by time:
     D:4: 2120 daAuts
     D:3: 1216 daAuts
     D:5: 1106 daAuts
     D:2: 1081 daAuts
     D:1: 1049 daAuts
     D:6: 734 daAuts
 Ossuary: 393 daAuts
